 Dungeon Crawl Stone Soup version 0.24-a0-201-gf205589 (webtiles) character file.

Game seed: 7333444083492842440

3294 Borgoz the Slicer (level 10, -5/66 HPs)
             Began as a Halfling Fighter on Mar 24, 2019.
             Was an Initiate of Ashenzari.
             Killed from afar by an electric eel (7 damage)
             ... with a bolt of electricity
             ... on level 7 of the Dungeon.
             The game lasted 00:14:26 (7835 turns).

Borgoz the Slicer (Halfling Fighter)                Turns: 7835, Time: 00:14:28

Health: -5/66      AC: 10    Str: 17    XL:     10   Next: 20%
Magic:  10/10      EV: 16    Int:  9    God:    Ashenzari [......]
Gold:   314        SH: 11    Dex: 15    Spells: 9/9 levels left

rFire    + . .     SeeInvis .   a - +2 dagger (speed)
rCold    + . .     Gourm    .   c - +0 shield
rNeg     + . .     Faith    .   q - +0 ring mail
rPois    .         Spirit   .   (no helmet)
rElec    .         Reflect  .   j - scarf {rC+ rF+}
rCorr    .         Harm     .   y - +2 pair of gloves
MR       .....                  (no boots)
Stlth    +.........             (no amulet)
HPRegen  0.21/turn              A - ring of positive energy
MPRegen  0.12/turn              x - ring of wizardry

@: no status effects
A: small, mutation resistance 1
a: Curse Item, Renounce Religion


You were on level 7 of the Dungeon.
You worshipped Ashenzari.
Ashenzari was noncommittal.
You were not hungry.

You visited 1 branch of the dungeon, and saw 8 of its levels.

You collected 314 gold pieces.

Inventory:

Hand Weapons
 a - a +2 dagger of speed (weapon)
 d - a +0 rapier
 k - a +0 rapier
 w - a +0 short sword of holy wrath
Missiles
 D - 2 tomahawks (quivered)
Armour
 c - a +0 shield (worn)
 j - a scarf of resistance (worn)
 q - a +0 ring mail (worn)
 y - a +2 pair of gloves (worn)
Jewellery
 x - a ring of wizardry (right hand)
 A - a ring of positive energy (left hand)
Wands
 n - a wand of flame (16)
 G - a wand of scattershot (5)
Scrolls
 e - a scroll of noise {unknown}
 g - a scroll of enchant weapon {unknown}
 h - a scroll of fear {unknown}
 l - 6 scrolls of remove curse
 o - 2 scrolls of enchant armour
 p - 10 scrolls of teleportation {unknown}
 u - a scroll of amnesia {unknown}
 C - a scroll of blinking {unknown}
Potions
 b - a potion of haste {unknown}
 m - 2 potions of lignification {unknown}
 r - 2 potions of curing
 s - a potion of magic
 t - a potion of resistance
 v - a potion of brilliance
 z - a potion of berserk rage {unknown}
 B - a potion of agility {unknown}
 E - a potion of mutation {unknown}
 F - a potion of might
Comestibles
 f - 18 rations
 i - 4 chunks of flesh


   Skills:
 + Level 5.1 Fighting
 * Level 8.6 Short Blades
 * Level 8.2 Armour
 * Level 7.4 Dodging
 + Level 6.2 Shields


You had 9 spell levels left.
You didn't know any spells.
Your spell library was empty.

Dungeon Overview and Level Annotations

Branches:
Dungeon (8/15)
 Temple: D:4-7         Lair: D:8-11

Altars:
Ashenzari
Cheibriados
Fedhas
Gozag
Qazlal


Innate Abilities, Weirdness & Mutations

You are small and have problems with some larger weapons.
You are somewhat resistant to further mutation.


Message History

You barely miss the electric eel.
The electric eel is almost dead.
The electric eel shoots out a bolt of lightning at you!
The bolt of electricity hits you! The bolt of electricity hits you.
You hit the electric eel.
The electric eel is almost dead.
You completely miss the electric eel.
The electric eel is almost dead.
The electric eel shoots out a bolt of lightning at you!
The bolt of electricity hits you!
* * * LOW HITPOINT WARNING * * *
The bolt of electricity hits you.
* * * LOW HITPOINT WARNING * * *
Okay, then.
You feel better.
The electric eel shoots out a bolt of lightning at you!
The bolt of electricity hits you!
* * * LOW HITPOINT WARNING * * *
The bolt of electricity hits you!
You die...

#.. #..#...#.
#...######.###....
#..##...##........
#.......<....##...
#####..#.............
.......##....#...#...
#.####.................
#....!...............#.
#.S§§.@.......##....###
#.≈#≈;≈≈.......##...#..
..≈≈≈≈#≈≈≈≈............
#.≈≈≈#≈≈≈≈#≈...........†
..≈#≈≈≈≈#≈≈≈..........)#
.. ≈≈≈#S≈≈≈...........††
. ≈≈#≈≈≈≈#≈...........).
≈#≈≈≈≈#≈≈≈.........#...
...........


You could see an electric eel.

Vanquished Creatures
  A shadow (D:8)
  2 wyverns (D:8)
  Menkaure (D:7)
  Duvessa (D:7)
  An ice beast (D:5)
  3 sky beasts
  An orc warrior (D:8)
  A phantom (D:7)
  2 ogres
  A necrophage (D:7)
  2 centaurs
  A big kobold (D:8)
  Blork the orc (D:6)
  2 bullfrogs
  Dowan (D:7)
  2 scorpions
  5 killer bees (D:7)
  5 wights (D:5)
  2 crimson imps
  A bullfrog zombie (D:5)
  4 hounds
  4 orc wizards
  2 orc priests
  An iguana (D:2)
  6 worker ants
  A hound skeleton (D:4)
  13 adders
  A shadow imp (D:6)
  An ooze (D:4)
  2 adder skeletons
  An adder zombie (D:7)
  4 worms
  2 dart slugs
  3 leopard geckos
  21 orcs
  2 ball pythons
  9 giant cockroaches
  5 goblins
  6 hobgoblins
  8 jackals
  5 kobolds
  4 quokkas
  A ball python skeleton (D:4)
  14 bats
  5 frilled lizards
  A leopard gecko skeleton (D:7)
  A leopard gecko zombie (D:7)
  A quokka skeleton (D:6)
  9 rats
173 creatures vanquished.

Notes
Turn   | Place    | Note
-------+----------+-------------------------------------------
     0 | D:1      | Borgoz the Halfling Fighter began the quest for the Orb.
     0 | D:1      | Reached XP level 1. HP: 15/15 MP: 1/1
   123 | D:1      | Reached XP level 2. HP: 17/20 MP: 2/2
   425 | D:1      | Reached XP level 3. HP: 25/25 MP: 3/3
   507 | D:1      | Reached skill level 1 in Dodging
  1225 | D:2      | Reached XP level 4. HP: 29/30 MP: 4/4
  1410 | D:2      | Reached XP level 5. HP: 36/36 MP: 5/5
  2698 | D:4      | Noticed an ogre
  2711 | D:4      | Killed an ogre
  2711 | D:4      | Reached XP level 6. HP: 38/42 MP: 6/6
  3163 | D:4      | Found a snail-covered altar of Cheibriados.
  3241 | D:4      | Reached XP level 7. HP: 33/46 MP: 7/7
  3389 | D:5      | Entered Level 5 of the Dungeon
  3433 | D:5      | Reached skill level 5 in Short Blades
  3433 | D:5      | Reached skill level 5 in Armour
  3677 | D:5      | HP: 2/46 [ice beast (7)]
  3941 | D:5      | Reached XP level 8. HP: 34/54 MP: 8/8
  4638 | D:6      | Noticed Blork the orc
  5109 | D:6      | Killed Blork the orc
  5208 | D:6      | Reached skill level 5 in Dodging
  5230 | D:6      | Reached skill level 5 in Shields
  5364 | D:6      | Found an opulent altar of Gozag.
  5409 | D:6      | You fall through a shaft for 2 floors!
  5460 | D:8      | Reached XP level 9. HP: 42/58 MP: 9/9
  6297 | D:8      | Found a stormy altar of Qazlal.
  6648 | D:8      | Found a blossoming altar of Fedhas.
  6648 | D:8      | Found a shattered altar of Ashenzari.
  6657 | D:8      | Became a worshipper of Ashenzari the Shackled
  7053 | D:7      | Noticed Menkaure
  7070 | D:7      | Noticed Dowan
  7076 | D:7      | Killed Menkaure
  7079 | D:7      | Noticed Duvessa
  7122 | D:7      | Killed Duvessa
  7157 | D:7      | Killed Dowan
  7157 | D:7      | Reached XP level 10. HP: 28/65 MP: 10/10
  7527 | D:7      | Reached skill level 5 in Fighting
  7835 | D:7      | HP: 2/66 [electric eel/bolt of electricity (10)]
  7835 | D:7      | Killed from afar by an electric eel

Levels and vault maps discovered:
D:1:      sevenhm_arrival_forest_fort_large_1, layout_loops_corners,
          serial_park_tiny_pond
D:2:      layout_basic, first_ration, hangedman_abyss_or_decor_lesser_grid
D:3:      layout_basic
D:4:      layout_loops_corners, cheibriados_altar_1
D:5:      layout_layer_cave
D:6:      layout_cave_pools, old_standard_altar, minmay_temple_entry_large_hall,
          minmay_misc_feat_diagonals, uniq_blork_the_orc
D:7:      layout_cave_pools, nicolae_lava_and_water, uniq_menkaure, uniq_joseph,
          uniq_duvessa
D:8:      layout_loops_ring, amethyst_overflow_temple_binary, kennysheep_mini,
          blue_anna_alchemist [blue_anna_fruit_fields, blue_anna_fruit_fields]

Skill      XL: |  1  2  3  4  5  6  7  8  9 10 |
---------------+-------------------------------+-----
Dodging        | 1 2 3 4 5 7 |  7.4
Short Blades   | 3 4 5 6 8 |  8.6
Fighting       | 3 4 5 |  5.1
Armour         | 4 5 6 7 8 |  8.2
Shields        | 4 5 6 |  6.2

Action                   |  1- 3 |  4- 6 |  7- 9 | 10-12 || total
-------------------------+-------+-------+-------+-------++-------
Melee: Rapier            |    20 |       |       |       ||    20
       Dagger            |   145 |   275 |   961 |   208 ||  1589
Throw: Tomahawk          |       |       |     2 |       ||     2
  Use: Potion            |       |     1 |     9 |     1 ||    11
       Scroll            |       |       |     7 |       ||     7
 Stab: Invisible         |       |       |     2 |       ||     2
  Eat: Chunk             |     1 |     7 |     9 |     3 ||    20
       Ration            |       |       |     1 |       ||     1
Armor: Scale mail        |    46 |    51 |   134 |       ||   231
       Ring mail         |       |       |    24 |    22 ||    46
Dodge: Dodged            |    43 |    61 |   191 |    83 ||   378
Block: Shield            |    88 |    84 |   223 |    58 ||   453

Table legend:
 A = Non-vault XP
 B = Vault XP
 C = Vault XP percentage of total XP
 D = Non-vault monster count
 E = Vault monster count
 F = Vault count percentage of total count
                 A         B        C        D         E       F
            +---------+---------+-------+---------+---------+-------
      Total |    4108 |     598 |  12.7 |     165 |       8 |   4.6
            +---------+---------+-------+---------+---------+-------
        D:1 |      54 |       4 |   6.9 |      30 |       3 |   9.1
        D:2 |     117 |       0 |   0.0 |      25 |       0 |   0.0
        D:3 |      42 |       0 |   0.0 |       9 |       0 |   0.0
        D:4 |     317 |       0 |   0.0 |      20 |       0 |   0.0
        D:5 |     946 |       0 |   0.0 |      22 |       0 |   0.0
        D:6 |     220 |      91 |  29.3 |       8 |       1 |  11.1
        D:7 |     844 |     400 |  32.2 |      24 |       3 |  11.1
        D:8 |    1568 |     103 |   6.2 |      27 |       1 |   3.6
            +---------+---------+-------+---------+---------+-------
